 Dungeon Crawl Stone Soup version 0.24-a0-549-g45f0056d81 (webtiles) character file.

Game seed: 8260298395345747906

7667 Gargoyl the Envoy of Void (level 10, -11/84 HPs)
             Began as a Centaur Abyssal Knight on Aug 19, 2019.
             Was a High Priest of Lugonu.
             Splashed by Psyche's acid (13 damage)
             ... on level 8 of the Dungeon.
             The game lasted 00:21:41 (11698 turns).

Gargoyl the Envoy of Void (Centaur Abyssal Knight) Turns: 11698, Time: 00:21:42

Health: -11/84     AC: 12    Str: 16    XL:     10   Next: 99%
Magic:  16/16      EV:  9    Int: 11    God:    Lugonu [*****.]
Gold:   485        SH:  9    Dex: 13    Spells: 9/9 levels left

rFire    + + .     SeeInvis .   u - +7 hand axe "Eloff" {drain, rPois rF+}
rCold    . . .     Gourm    .   g - +0 shield
rNeg     . . .     Faith    .   r - +4 swamp dragon scales
rPois    +         Spirit   .   j - +1 helmet
rElec    .         Reflect  .   (no cloak)
rCorr    .         Harm     .   k - +0 pair of gloves
MR       .....     Rnd*Rage +   (no barding)
Stlth    ..........             (no amulet)
HPRegen  0.24/turn              m - ring of protection from fire
MPRegen  0.15/turn              (no ring)

@: corroded, very quick
A: large, hooves 3, agile 1, berserk 1, deformed body, speed 2, tough skin 3
a: Depart the Abyss, Bend Space, Banish, Corrupt, Enter the Abyss, Renounce
Religion


You were on level 8 of the Dungeon.
You worshipped Lugonu.
Lugonu was extremely pleased with you.
You were not hungry.

You visited 1 branch of the dungeon, and saw 8 of its levels.
You visited the Abyss 1 time.
You also visited: Bailey.

You collected 485 gold pieces.

Inventory:

Hand Weapons
 b - a +4 war axe
 u - the +7 hand axe "Eloff" (weapon) {drain, rPois rF+}
   (You found it on level 7 of the Dungeon)

   A truly terrible weapon, it drains the life of those it strikes.
   It protects you from fire.
   It protects you from poison.
 v - a +4 hand axe
Missiles
 l - 5 boomerangs (quivered)
Armour
 g - a +0 shield (worn)
 j - a +1 helmet (worn)
 k - a +0 pair of gloves (worn)
 r - +4 swamp dragon scales (worn)
Jewellery
 m - a ring of protection from fire (left hand)
Wands
 d - a wand of paralysis (5)
 e - a wand of digging (14)
 i - a wand of disintegration (14)
 s - a wand of acid (6)
 z - a wand of polymorph (6)
Scrolls
 f - 3 scrolls of identify
 n - a scroll of teleportation
 p - 3 scrolls of immolation
 t - a scroll of fear
 x - a scroll of blinking
 y - a scroll of remove curse
Potions
 q - a potion of flight
 w - a potion of resistance
Miscellaneous
 a - a lamp of fire
Comestibles
 c - 9 rations


   Skills:
 + Level 6.3 Fighting
 + Level 8.0 Axes
 + Level 1.3 Throwing
 * Level 6.2 Armour
 * Level 5.1 Dodging
 + Level 3.3 Shields
 * Level 8.1 Invocations
 + Level 0.6 Evocations


You had 9 spell levels left.
You didn't know any spells.
Your spell library contained the following spells:

 Spells                   Type           Power        Failure   Level  Hunger
 Summon Small Mammal      Summ           #...         91%         1    ##.....
 Call Imp                 Summ           #.......     97%         2    ###....
 Call Canine Familiar     Summ           #.......     99%         3    ####...
 Summon Guardian Golem    Hex/Summ       #.......     99%         3    ####...
 Summon Ice Beast         Ice/Summ       #.......     100%        4    #####..
 Summon Lightning Spire   Summ/Air       #.......     100%        4    #####..


Dungeon Overview and Level Annotations

Branches:
Dungeon (8/15)             Temple (0/1) D:6            Lair (0/6) D:8

Altars:
Sif Muna

Annotations:
D:8 Psyche


Innate Abilities, Weirdness & Mutations

You have hooves in place of feet.
Armour fits poorly on your strangely shaped body.
You cover ground very quickly.
You have extremely tough skin. (AC +3)
You are agile. (Dex +2)
You tend to lose your temper in combat.


Message History

You destroy the hound zombie!
Lugonu accepts your kill. Something completely misses you.
Something hits you but does no damage.
You hit something. Your kick misses something.
You hear some strange, mumbled words.
A puff of frost appears from out of thin air!
The puff of frost hits you.
* * * LOW HITPOINT WARNING * * *
Something hits you.
* * * LOW HITPOINT WARNING * * *
Space warps horribly around you!
* * * LOW HITPOINT WARNING * * *
Unknown command.
You feel better.
You hear a zap.
A bolt of acid appears from out of thin air!
The bolt of acid hits you!
* * * LOW HITPOINT WARNING * * *
The acid corrodes you!
You are splashed with acid!
You die...

#..# #.#
. #..#
#.# .
##.# .#
. . #..#
.# ##..#
.# #..#
..##
#..##
....
#.{##..#
##@)).#
##..##
####


There were no monsters in sight!

Vanquished Creatures
  The ghost of bmj180 the Cleaver, a novice HOFi of Kikubaaqudgha (D:5)
  An orc knight (Bailey)
  A komodo dragon (D:8)
  Prince Ribbit (D:6)
  A hippogriff (D:8)
  Sigmund (D:4)
  4 yaks (D:5)
  Eustachio (D:6)
  Duvessa (D:7)
  An ice beast (D:8)
  12 orc warriors
  3 ogres (D:7)
  A phantom (D:7)
  A necrophage (D:8)
  A centaur (D:7)
  A big kobold (D:7)
  4 bullfrogs
  Dowan (D:7)
  A wyvern skeleton (D:6)
  A scorpion (D:4)
  4 killer bees (D:5)
  2 howler monkeys
  2 crimson imps
  A bullfrog zombie (D:5)
  A bullfrog skeleton (D:7)
  4 hounds
  A jelly (D:2)
  2 centaur skeletons
  A gnoll shaman (D:5)
  6 orc wizards
  An orc priest (D:7)
  4 iguanas
  4 worker ants
  A hound zombie (D:8)
  Robin (D:2)
  14 gnolls
  7 adders
  5 shadow imps
  3 oozes
  A worm (D:5)
  A dart slug (D:3)
  5 leopard geckos
  35 orcs
  A bat zombie (D:2)
  A giant cockroach (D:1)
  25 hobgoblins
  7 jackals
  8 kobolds
  4 quokkas
  7 bats
  5 frilled lizards
  32 goblins
  A quokka zombie (D:6)
  4 rats
240 creatures vanquished.

Vanquished Creatures (others)
  An orc warlord (Bailey)
  2 orc knights (Bailey)
  A plant (D:8)
4 creatures vanquished.

Grand Total: 244 creatures vanquished

Notes
Turn   | Place    | Note
-------+----------+-------------------------------------------
     0 | Abyss:1  | Gargoyl the Centaur Abyssal Knight began the quest for the
                  | Orb.
     0 | Abyss:1  | Reached XP level 1. HP: 19/19 MP: 2/2
    29 | Abyss:2  | Noticed a smoke demon
    63 | Abyss:2  | Noticed a large abomination
    73 | Abyss:2  | Noticed a thrashing horror
    73 | Abyss:2  | Noticed a thrashing horror
    82 | D:1      | Escaped the Abyss
   437 | D:1      | Reached * piety under Lugonu
   437 | D:1      | Reached XP level 2. HP: 15/26 MP: 3/3
  1129 | D:2      | Reached skill level 1 in Dodging
  1270 | D:2      | Reached XP level 3. HP: 30/31 MP: 4/4
  1276 | D:2      | Found a transporter.
  1284 | D:2      | Found a transporter.
  1288 | D:2      | Noticed a bullfrog
  1294 | D:2      | Found a shimmering blue altar of Sif Muna.
  1339 | D:2      | Noticed Robin
  1345 | D:2      | Killed Robin
  1892 | D:1      | Killed a bullfrog
  1892 | D:1      | Reached XP level 4. HP: 11/40 MP: 4/6
  2117 | D:2      | Reached XP level 5. HP: 33/46 MP: 7/7
  2476 | D:3      | Reached ** piety under Lugonu
  3541 | D:4      | Reached XP level 6. HP: 46/52 MP: 8/8
  4197 | D:4      | Reached XP level 7. HP: 59/59 MP: 9/9
  4321 | D:5      | Entered Level 5 of the Dungeon
  4321 | D:5      | Noticed Sigmund
  4329 | D:4      | Killed Sigmund
  4329 | D:4      | Reached skill level 1 in Shields
  4692 | D:5      | Reached *** piety under Lugonu
  4697 | D:5      | Noticed bmj180's ghost (novice HOFi)
  4814 | D:5      | Found a transporter.
  4818 | D:5      | Found a transporter.
  5054 | D:5      | Reached XP level 8. HP: 67/67 MP: 11/11
  5679 | D:5      | Reached skill level 5 in Axes
  6368 | D:5      | Killed bmj180's ghost
  6368 | D:5      | Reached skill level 5 in Fighting
  6368 | D:5      | Reached skill level 5 in Invocations
  6368 | D:5      | Reached XP level 9. HP: 41/74 MP: 12/12
  7038 | D:6      | Noticed Eustachio
  7051 | D:6      | Gained mutation: You tend to lose your temper in combat.
                  | [potion of mutation]
  7051 | D:6      | Gained mutation: You are agile. (Dex +2) [potion of
                  | mutation]
  7072 | D:6      | Killed Eustachio
  7323 | D:6      | Found a staircase to the Ecumenical Temple.
  8117 | D:6      | Noticed Prince Ribbit
  8193 | D:6      | Killed Prince Ribbit
  8660 | D:7      | Reached skill level 5 in Armour
  8667 | D:7      | Reached **** piety under Lugonu
  8668 | D:7      | Noticed Duvessa
  8668 | D:7      | Noticed Dowan
  8914 | D:7      | Reached skill level 1 in Throwing
  8952 | D:7      | Found a flagged portal.
  8965 | D:7      | Got a dazzling hand axe
  9020 | Bailey   | Entered a bailey
  9021 | Bailey   | Identified the +7 hand axe "Eloff" {drain, rPois rF+} (You
                  | found it on level 7 of the Dungeon)
  9440 | Bailey   | Reached ***** piety under Lugonu
  9447 | Bailey   | Reached XP level 10. HP: 54/82 MP: 14/14
  9760 | Bailey   | Noticed an orc knight
  9760 | Bailey   | Noticed an orc warlord
  9760 | Bailey   | Noticed an orc knight
  9761 | Bailey   | Noticed an orc knight
  9771 | Bailey   | Killed an orc knight
 10128 | Bailey   | Banished an orc knight
 10130 | Bailey   | Banished an orc knight
 10602 | Bailey   | Banished an orc warlord
 11153 | D:7      | Killed Duvessa
 11166 | D:7      | Killed Dowan
 11166 | D:7      | Reached skill level 5 in Dodging
 11406 | D:8      | Found a staircase to the Lair.
 11678 | D:8      | Noticed Psyche
 11697 | D:8      | HP: 4/84 [something (12)]
 11698 | D:8      | Splashed by Psyche's acid

Levels and vault maps discovered:
D:1:      onia_arrival_mini_maze_b, layout_rooms, moated_statue,
          grunt_decor_fettered, serial_bayou_lagoon_b
D:2:      layout_loops_ring, gammafunk_temple_overflow_arena, first_ration,
          uniq_robin
D:3:      layout_loops_ring
D:4:      layout_basic
D:5:      layout_loops_ring, gammafunk_ghost_hive, uniq_sigmund
D:6:      layout_layer_cave, minmay_temple_entry_hall, minmay_misc_feat_rugged,
          uniq_prince_ribbit1, uniq_eustachio
D:7:      layout_rooms, enter_bailey_2, uniq_duvessa
D:8:      layout_layer_cave, david_lair_shrubbed, uniq_psyche

Skill      XL: |  1  2  3  4  5  6  7  8  9 10 |
---------------+-------------------------------+-----
Axes           | 2 3 4 5 6 8 |  8.0
Dodging        | 1 2 3 4 5 |  5.1
Armour         | 2 3 4 5 6 |  6.2
Invocations    | 3 4 5 6 8 |  8.1
Fighting       | 4 5 6 |  6.3
Shields        | 1 2 3 |  3.3
Throwing       | 1 |  1.3
Evocations     | |  0.6

Action                   |  1- 3 |  4- 6 |  7- 9 | 10-12 || total
-------------------------+-------+-------+-------+-------++-------
Melee: Hand axe          |    91 |   143 |   472 |   162 ||   868
       Kick              |    18 |    22 |   103 |    55 ||   198
       Unarmed           |       |       |       |    14 ||    14
Throw: Boomerang         |       |       |    15 |       ||    15
Invok: Depart the Abyss  |     1 |       |       |       ||     1
       Banish            |       |       |       |     4 ||     4
Evoke: Wand              |       |       |       |     7 ||     7
  Use: Scroll            |     4 |     6 |     5 |     8 ||    23
       Potion            |     1 |       |    11 |     5 ||    17
 Stab: Invisible         |       |       |     4 |       ||     4
       Confused          |       |       |       |     1 ||     1
  Eat: Chunk             |     1 |     4 |    12 |     4 ||    21
       Ration            |       |     1 |     1 |     1 ||     3
Armor: Leather armour    |    31 |       |       |       ||    31
       Chain mail        |    73 |    42 |       |       ||   115
       Swamp dragon scal |       |    53 |   221 |    42 ||   316
       Skin              |       |       |    31 |     3 ||    34
Dodge: Dodged            |    37 |    29 |   157 |    52 ||   275
Block: Shield            |    21 |    39 |   199 |    57 ||   316

Table legend:
 A = Non-vault XP
 B = Vault XP
 C = Vault XP percentage of total XP
 D = Non-vault monster count
 E = Vault monster count
 F = Vault count percentage of total count
                 A         B        C        D         E       F
            +---------+---------+-------+---------+---------+-------
      Total |    4196 |    6758 |  61.7 |     147 |      96 |  39.5
            +---------+---------+-------+---------+---------+-------
        D:1 |      27 |      96 |  78.0 |      16 |       1 |   5.9
        D:2 |      26 |      83 |  76.1 |       9 |      15 |  62.5
        D:3 |     121 |       0 |   0.0 |      21 |       0 |   0.0
        D:4 |     516 |     231 |  30.9 |      18 |       1 |   5.3
        D:5 |    1207 |     885 |  42.3 |      34 |       5 |  12.8
        D:6 |     324 |     485 |  60.0 |      14 |       2 |  12.5
        D:7 |    1180 |     227 |  16.1 |      25 |       2 |   7.4
        D:8 |     795 |     389 |  32.9 |      10 |       1 |   9.1
     Bailey |       0 |    4362 | 100.0 |       0 |      69 | 100.0
            +---------+---------+-------+---------+---------+-------
